 Dungeon Crawl Stone Soup version 0.31-a0-1511-g961fd35ebc (webtiles) character file.

Game seed: 12652216274098878245

1801490 NoAnimeNoLife the Impregnable (level 26, 179/179 HPs)
             Began as a Gargoyle Gladiator on Dec 30, 2023.
             Was the Champion of Makhleb.
             Escaped with the Orb
             ... and 3 runes!
             The game lasted 01:56:32 (56955 turns).

NoAnimeNoLife the Impregnable (Gargoyle Gladiator) Turns: 56955, Time: 01:56:33

Health: 179/179    AC: 51    Str: 36    XL:     26   Next: 41%
Magic:  35/35      EV: 18    Int: 15    God:    Makhleb [******]
Gold:   3782       SH: 23    Dex: 11    Spells: 25/25 levels left

rFire   + + .        V - +9 morningstar (spect)
rCold   + . .        M - +5 kite shield {rPois}
rNeg    + + .        i - +4 scale mail of Vus Bott {rN+ Slay+3}
rPois   ∞            c - +0 helmet "Maudaep" {Will+ Str+7}
rElec   +            d - +2 cloak
rCorr   .            K - +2 pair of gloves
SInv    .            k - +1 pair of boots "Naihot" {Fly Regen+ Str+3}
Will    ++++.        W - amulet of reflection Stlth
                     h - ring of Jecvi Umo {*Corrode rF++ rC+ Str-4 Int+6}
HPRegen 1.29/turn    w - ring of the Bouncing Friends {Wiz Will++}
MPRegen 0.24/turn

%: corrode self (3%), reflection, wizardry (x1)
@: flying, studying 2 skills
A: sickness immunity, AC +20, big wings, negative energy resistance 1,
electricity resistance, torment resistance 1, petrification resistance,
iridescent scales 1, MP-powered wands
0: Orb of Zot
}: 3/15 runes: barnacled, silver, gossamer
a: Renounce Religion, Minor Destruction, Lesser Servant of Makhleb, Major
Destruction, Greater Servant of Makhleb


You escaped.
You worshipped Makhleb.
Makhleb was exalted by your worship.
You visited 9 branches of the dungeon, and saw 45 of its levels.
You visited 1 bazaar.
You also visited: Gauntlet.

You collected 8912 gold pieces.
You spent 5130 gold pieces at shops.

Inventory:

Hand Weapons
 V - a +9 spectral morningstar (weapon)
Missiles
 j - 8 throwing nets
 T - 20 curare-tipped darts (quivered)
Armour
 c - the +0 helmet "Maudaep" (worn) {Will+ Str+7}
   (You found it on level 4 of the Shoals)

   Str+7:     It affects your strength (+7).
   Will+:     It increases your willpower.
 d - a +2 cloak (worn)
 i - the +4 scale mail of Vus Bott (worn) {rN+ Slay+3}
   (You found it on level 2 of the Vaults)

   Slay+3:    It affects your accuracy & damage with ranged weapons and melee
   (+3).
   rN+:       It protects you from negative energy.
 k - the +1 pair of boots "Naihot" (worn) {Fly Regen+ Str+3}
   (You bought it in a shop in a bazaar)

   Str+3:     It affects your strength (+3).
   Fly:       It grants you flight.
   Regen+:    It increases your rate of health regeneration.
 K - a +2 pair of gloves (worn)
 M - a +5 kite shield of poison resistance (worn)
Jewellery
 h - the ring of Jecvi Umo (left hand) {*Corrode rF++ rC+ Str-4 Int+6}
   (You bought it in a shop on level 2 of the Orcish Mines)

   [ring of intelligence]

   Str-4:     It affects your strength (-4).
   Int+6:     It affects your intelligence (+6).
   rF++:      It greatly protects you from fire.
   rC+:       It protects you from cold.
   *Corrode:  It may corrode you when you take damage.
 t - the ring "Obruc" {rElec Int+6 SInv Stlth-}
   (You found it on level 1 of the Shoals)

   [ring of intelligence]

   Int+6:     It affects your intelligence (+6).
   rElec:     It insulates you from electricity.
   SInv:      It lets you see invisible.
   Stlth-:    It makes you less stealthy.
 w - the ring of the Bouncing Friends (right hand) {Wiz Will++}
   (You acquired it on level 2 of the Vaults)

   [ring of wizardry]

   Wiz:       It improves your spell success rate.
   Will++:    It greatly increases your willpower.
 D - a +4 ring of protection
 N - the ring "Zoczig" {rF+ rN+ Dex+6}
   (You found it on level 12 of the Dungeon)

   [ring of dexterity]

   Dex+6:     It affects your dexterity (+6).
   rF+:       It protects you from fire.
   rN+:       It protects you from negative energy.
 W - an amulet of reflection (around neck)
Wands
 g - a wand of paralysis (61)
 s - a wand of digging (18) {@v3}
 y - a wand of flame (62)
 C - a wand of polymorph (26)
 G - a wand of mindburst (16)
 R - a wand of quicksilver (3)
 S - a wand of roots (13)
Scrolls
 e - 7 scrolls of fear
 m - 3 scrolls of torment
 o - 14 scrolls of teleportation {@r2}
 A - 5 scrolls of vulnerability
 F - 9 scrolls of fog
 J - 2 scrolls of revelation {@r4}
 L - 6 scrolls of blinking {@r3}
 O - 3 scrolls of immolation
 X - 9 scrolls of silence
 Y - 2 scrolls of amnesia
Potions
 b - 2 potions of heal wounds {@q2}
 f - a potion of magic
 l - 8 potions of might {@q3}
 n - 10 potions of attraction
 p - 6 potions of berserk rage
 q - 40 potions of curing {@q1}
 r - 6 potions of enlightenment
 x - 4 potions of lignification
 z - 4 potions of mutation
 B - 3 potions of resistance {@q5}
 E - 3 potions of cancellation
 I - 2 potions of haste {@q4}
 U - 2 potions of invisibility
 Z - 2 potions of ambrosia
Miscellaneous
 a - a phial of floods
 u - a sack of spiders
 v - a phantom mirror (inert)
 P - a condenser vane
 Q - a lightning rod (4/4)


   Skills:
 - Level 22.1 Fighting
 - Level 16.0 Maces & Flails
 - Level 1.7 Throwing
 - Level 23.7 Armour
 + Level 19.1 Dodging
 - Level 15.0 Shields
 - Level 17.8 Invocations
 - Level 15.7 Evocations


You had 25 spell levels left.
You didn't know any spells.
Your spell library contained the following spells:

 Spells                   Type           Power      Damage    Failure   Level
 Apportation              Tloc           0%         N/A       19%         1
 Freeze                   Ice            0%         1d3       19%         1
 Kiss of Death            Conj/Necr      0%         2d5       19%         1
 Magic Dart               Conj           0%         1d3       19%         1
 Necrotise                Necr           0%         1d4       19%         1
 Shock                    Conj/Air       0%         1d3       19%         1
 Sting                    Conj/Alch      0%         1d3       19%         1
 Summon Small Mammal      Summ           0%         N/A       19%         1
 Blink                    Tloc           0%         N/A       28%         2
 Call Imp                 Summ           0%         N/A       28%         2
 Ensorcelled Hibernation  Hex/Ice        0%         N/A       28%         2
 Jinxbite                 Hex            0%         N/A       28%         2
 Lesser Beckoning         Tloc           0%         N/A       28%         2
 Mercury Vapours          Alch/Air       0%         N/A       28%         2
 Momentum Strike          Conj/Tloc      0%         3d8       28%         2
 Call Canine Familiar     Summ           0%         N/A       47%         3
 Confusing Touch          Hex            0%         N/A       47%         3
 Frozen Ramparts          Ice            0%         1d1       47%         3
 Fugue of the Fallen      Necr           0%         N/A       47%         3
 Hailstorm                Conj/Ice       0%         3d5       47%         3
 Inner Flame              Hex/Fire       0%         N/A       47%         3
 Ozocubu's Armour         Ice            0%         N/A       47%         3
 Sigil of Binding         Hex            0%         N/A       47%         3
 Summon Ice Beast         Ice/Summ       0%         N/A       47%         3
 Swiftness                Air            0%         N/A       47%         3
 Tukima's Dance           Hex            0%         N/A       47%         3
 Airstrike                Air            0%         2d(0-16)  86%         4
 Anguish                  Hex/Necr       0%         N/A       86%         4
 Brom's Barrelling Bould  Conj/Erth      0%         2d3       86%         4
 Dimensional Bullseye     Hex/Tloc       0%         N/A       86%         4
 Dispel Undead            Necr           0%         3d6       86%         4
 Flame Wave               Conj/Fire      0%         2d4       86%         4
 Ignite Poison            Fire/Alch      0%         N/A       86%         4
 Leda's Liquefaction      Alch/Erth      0%         N/A       86%         4
 Olgreb's Toxic Radiance  Alch           0%         N/A       86%         4
 Passage of Golubria      Tloc           0%         N/A       86%         4
 Sticky Flame             Fire/Alch      0%         2d4       86%         4
 Summon Blazeheart Golem  Fire/Summ      0%         N/A       86%         4
 Vhi's Electric Charge    Tloc/Air       0%         N/A       86%         4
 Alistair's Intoxication  Alch           0%         N/A       99%         5
 Arcjolt                  Conj/Air       0%         1d10      99%         5
 Fireball                 Conj/Fire      0%         3d3       99%         5
 Freezing Cloud           Conj/Ice/Air   0%         6-21      99%         5
 Iskenderun's Battlesphe  Conj           0%         2d6       99%         5
 Lee's Rapid Deconstruct  Erth           0%         3d4*      99%         5
 Metabolic Englaciation   Hex/Ice        0%         N/A       99%         5
 Silence                  Hex/Air        0%         N/A       99%         5
 Summon Forest            Summ/Tloc      0%         N/A       99%         5
 Summon Mana Viper        Hex/Summ       0%         N/A       99%         5
 Yara's Violent Unravell  Hex/Alch       0%         3d3       99%         5
 Bombard                  Conj/Erth      0%         9d1       100%        6
 Conjure Ball Lightning   Conj/Air       0%         3x3d6     100%        6
 Plasma Beam              Fire/Air       0%         2x1d10    100%        6
 Sculpt Simulacrum        Ice/Alch       0%         N/A       100%        6
 Summon Cactus Giant      Summ           0%         N/A       100%        6
 Orb of Destruction       Conj           0%         9d5       100%        7
 Ozocubu's Refrigeration  Ice            0%         4d7       100%        7
 Discord                  Hex            0%         N/A       100%        8
 Lehudib's Crystal Spear  Conj/Erth      0%         10d2      100%        8
 Cigotuvi's Dreadful Rot  Necr/Alch/Air  Unusable   N/A       N/A         2

Dungeon Overview and Level Annotations

Branches:
Dungeon (15/15)            Temple (1/1) D:4            Lair (5/5) D:9
 Shoals (4/4) Lair:3       Spider (4/4) Lair:3        Slime (0/5) Lair:5
    Orc (2/2) D:9             Elf (0/3) Orc:2        Vaults (5/5) D:14
  Crypt (0/3) Vaults:3     Depths (4/4) D:15            Zot (5/5) Depths:4
Gauntlet (visited)

Altars:
Ashenzari
Cheibriados
Dithmenos
Elyvilon
Fedhas
Gozag
Hepliaklqana
Kikubaaqudgha
Makhleb
Nemelex Xobeh
Okawaru
Qazlal
Ru
Sif Muna
Trog
Uskayaw
Vehumet
Wu Jian
Xom
Yredelemnul
Zin
The Shining One
Jiyva

Shops:
D:4 (   D:9 ?:   D:12 =   D:13 (   D:15 [!   Orc:2 !?=*   Shoals:3 =
Shoals:4 [   Vaults:1 *(   Vaults:2 ?   Vaults:4 !   Vaults:5 *

Portals:
Hell: Depths:1 Depths:2 Depths:3 Depths:4
Abyss: Depths:1 Depths:2 Depths:3 Depths:4
Pandemonium: Depths:2
Ziggurat: Depths:3
Trove: Vaults:4 (give horn of Geryon)

Annotations:
Lair:3 1 runed translucent door, Ycul's ghost, journeyman HOFi
Lair:5 3 runed translucent doors, Nalenak's ghost, journeyman DsMo; Turbonekonecno's ghost, journeyman SpEn
Depths:2 2 transporters
Depths:3 2 transporters, exclusion: 2 ice statues, Causaover's ghost, veteran TeGl
Zot:5 36 runed doors


Innate Abilities, Weirdness & Mutations

You are immune to sickness and miasma.
Your stone body is resilient. (AC +20)
You are immune to poison.
Your large and strong wings let you fly.
You resist negative energy. (rN+)
You are resistant to electric shocks. (rElec)
You are resistant to unholy torment.
You are immune to petrification.
You are partially covered in iridescent scales. (AC +2)
You expend magic power (3 MP) to strengthen your wands.


Message History

You see here a hell hog corpse.
The reaper hits you but does no damage. You block the reaper's attack.
There is an open gate here.
You bludgeon the reaper!!
The reaper is moderately wounded.
Your +9 spectral morningstar hits the reaper!
You hit the reaper.
The reaper is heavily wounded.
Your +9 spectral morningstar hits the reaper!!
The reaper closely misses you.
You bludgeon the reaper!!
You kill the reaper!
Makhleb accepts your kill.
Your +9 spectral morningstar disappears.
You see here a +0 scythe of venom.
No target in view!
An Ice Fiend comes into view.
You barely miss the Ice Fiend.
Your +9 spectral morningstar hits the Ice Fiend!!
You impale the Ice Fiend!!
The Ice Fiend is heavily wounded.
Your +9 spectral morningstar closely misses the Ice Fiend.
You barely miss the Ice Fiend.
The Ice Fiend is heavily wounded.
Your +9 spectral morningstar hits the Ice Fiend!!!
The Ice Fiend completely misses you. You block the Ice Fiend's attack.
You hit the Ice Fiend but do no damage.
The Ice Fiend is almost dead.
Your +9 spectral morningstar hits the Ice Fiend!!
You kill the Ice Fiend!
Makhleb accepts your kill.
No target in view!
Your +9 spectral morningstar disappears.
There is an open gate here.
There is an open gate here.
There is a large open door here.
There is an open door here.
There is a staircase leading out of the dungeon here.
You have escaped!

..# #######################
.## #......#......'.......#
.####.######......'.......#
.)......# #......'.......#
#######.# #..†########...#
##.####..†#..'...#...#
#.....#...#..'...#...#
#.#'''#'''#'##...#...#
#.#...#..)#@##'''#'''#
#.#...#...###....#...#
#.#...#.....'....#...#
#.#...#.....'....#...#
#.#...#.....'....#...#
#.#...############...#
#.+.........'.....|..#
#.+.........'........#
#.+.........'........#


There were no monsters in sight!

Vanquished Creatures
  3 dread liches
  2 orbs of fire
  2 ancient liches
  Mara (Depths:2)
  7 Killer Klowns
  2 curse toes (Zot:4)
  7 golden dragons
  Saint Roka (Vaults:5)
  Jory (Depths:3)
  A bone dragon (Zot:4)
  2 doom hounds (Depths:3)
  3 electric golems
  A Brimstone Fiend (D:11)
  2 Ice Fiends
  7 liches
  A Hell Sentinel (D:4)
  16 tentacled monstrosities
  A deep elf blademaster (Depths:4)
  23 Orb Guardians (Zot:5)
  7 quicksilver dragons
  Asterion (Spider:2)
  A deep elf master archer (Depths:4)
  A kraken (Shoals:4)
  5 death cobs
  7 titans
  Kirke (Spider:2)
  7 shadow dragons
  7 sphinxes
  15 storm dragons
  2 draconian monks
  11 tengu reavers
  2 protean progenitors (Zot:4)
  Aizul (Spider:4)
  12 fire giants
  2 daevas (D:1)
  7 draconian knights
  9 frost giants
  4 draconian scorchers
  3 draconian shifters
  A deep elf sorcerer (Depths:4)
  4 emperor scorpions
  15 vault wardens
  7 ghost moths
  2 iron dragons
  A balrug (D:11)
  A deep elf elementalist (Depths:4)
  A draconian stormcaller (Zot:4)
  An angel (D:1)
  2 juggernaut skeletons (Depths:3)
  A spriggan defender (Depths:4)
  24 very ugly things
  4 ironbound thunderhulks
  2 reapers
  2 broodmothers
  A curse skull (Vaults:3)
  4 orc warlords
  14 stone giants
  3 formless jellyfish
  A ghoul (Vaults:3)
  17 ironbound preservers
  2 caustic shrike skeletons (Depths:3)
  6 draconian annihilators
  2 vampire knights (Depths:1)
  3 green draconians
  A deep elf demonologist (Vaults:5)
  10 dire elephants
  6 white draconians
  2 war gargoyles
  2 deep elf death magi
  9 black draconians
  8 spark wasps
  7 yellow draconians
  6 purple draconians
  2 green deaths
  A minotaur (Gauntlet)
  A deep elf annihilator (Depths:4)
  5 red draconians
  17 ettins
  A blizzard demon (D:14)
  8 merfolk impalers
  2 crystal guardians
  4 merfolk javelineers
  A jiangshi (Depths:4)
  19 yaktaur captains
  A deep elf high priest (Vaults:5)
  11 fire dragons
  9 ice dragons
  4 entropy weavers
  3 great orbs of eyes
  3 peacekeepers
  An ice dragon (shapeshifter) (Vaults:5)
  8 rakshasas
  9 hydras
  5 jorogumos
  7 ironbound frosthearts
  30 vault guards
  3 spriggan skeletons (Depths:3)
  An alligator snapping turtle (Shoals:4)
  2 anacondas
  3 merfolk avatars (Shoals:4)
  8 centaur warriors
  5 spriggan air magi
  3 radroaches
  An alligator (Lair:3)
  4 merfolk aquamancers (Shoals:4)
  A two-headed ogre (shapeshifter) (Vaults:5)
  5 two-headed ogres
  4 hell hogs
  3 deep troll shamans
  A death yak (Lair:4)
  2 sphinx skeletons (Depths:3)
  6 spriggan berserkers
  6 boulder beetles
  9 demonic crawlers
  2 vampire magi
  9 tengu warriors
  4 orc high priests (Orc:2)
  A satyr (Shoals:4)
  2 occultists
  5 deep troll earth magi
  6 sun demons
  An iron troll (Depths:3)
  Sonja (D:13)
  7 hell knights
  3 sixfirhies
  A soul eater (Gauntlet)
  7 pharaoh ants
  A death drake (shapeshifter) (Vaults:5)
  A spark wasp zombie (Depths:4)
  12 sea snakes
  16 skeletal warriors (Depths:3)
  5 skysharks
  4 storm dragon skeletons (Depths:3)
  44 deep trolls
  A sea snake (shapeshifter) (Depths:4)
  2 titan skeletons (Depths:3)
  3 sun moths
  8 orb spiders
  10 glowing orange brains
  2 orb spiders (shapeshifter)
  A deep troll (shapeshifter) (Vaults:5)
  An orange crystal statue (Gauntlet)
  7 arcanists
  3 flayed ghosts (Depths:4)
  10 ironbound convokers
  A golden dragon skeleton (Depths:3)
  A swamp dragon (D:13)
  8 large abominations (Depths:1)
  18 lindwurms
  18 orc knights
  Pikel (D:6)
  5 deep elf pyromancers
  2 necromancers
  A steelbarb worm (shapeshifter) (Depths:4)
  4 phantasmal warriors
  10 harpies
  8 steelbarb worms
  2 deep elf zephyrmancers (Orc:1)
  18 wolf spiders
  A shadow dragon skeleton (Depths:3)
  6 fauns
  6 orc sorcerers
  4 tengu skeletons (Depths:3)
  6 cyclopes
  29 moths of wrath
  16 manticores
  29 ugly things
  5 merfolk sirens
  3 meliai (Spider:3)
  A meliai (shapeshifter) (D:15)
  5 elephants
  A moth of wrath (shapeshifter) (Depths:4)
  3 fire giant skeletons (Depths:3)
  2 frost giant skeletons (Depths:3)
  5 black mambas
  3 kobold blastminers (Orc:2)
  12 vault sentinels
  4 water nymphs
  An orange demon (Depths:2)
  A gargoyle (D:12)
  10 torpor snails
  9 cane toads
  A smoke demon (Depths:2)
  A centaur skeleton (D:15)
  Maggie (D:6)
  A komodo dragon (shapeshifter) (D:14)
  6 freezing wraiths
  5 unseen horrors
  2 rime drakes
  9 komodo dragons
  An efreet (D:15)
  2 kobold demonologists (D:12)
  8 tengu conjurers
  32 yaktaurs
  6 ice devils
  5 trolls
  5 wind drakes
  A hellwing (Zot:3)
  19 merfolk
  14 polar bears
  2 merfolk (shapeshifter)
  3 tyrant leeches (Lair:5)
  27 tarantellas
  7 hornets (Lair:5)
  24 blink frogs
  A glass eye (shapeshifter) (Vaults:5)
  2 glass eyes
  A dream sheep (shapeshifter) (Depths:4)
  5 dream sheep
  9 snapping turtles
  A slime creature (shapeshifter) (Depths:4)
  A spriggan (shapeshifter) (D:15)
  Sigmund (D:2)
  23 culicivoras
  25 slime creatures
  36 jumping spiders
  5 centaur simulacra (D:11)
  14 water elementals
  2 wraiths
  23 yaks
  2 wyverns
  3 shadows
  3 vampires
  7 hogs
  A human (D:9)
  3 steam dragons
  57 redbacks
  11 vampire mosquitoes
  4 basilisks
  2 chaos spawn
  6 wargs
  4 small abominations (Depths:1)
  3 swamp worms (Gauntlet)
  An acid dragon (D:12)
  18 hell hounds
  Duvessa (D:6)
  A swamp drake (Orc:1)
  13 water moccasins
  A meliai simulacrum (D:11)
  13 black bears
  3 glowing shapeshifter skeletons (Depths:3)
  17 orc warriors
  4 ice beasts
  5 laughing skulls (Depths:3)
  13 centaurs
  An ogre (Vaults:5)
  43 wolves
  7 boggarts (Vaults:3)
  2 phantoms (D:14)
  3 lemures (D:6)
  5 kobold brigands
  6 scorpions
  A gnoll sergeant (D:9)
  12 bullfrogs
  Dowan (D:6)
  12 wights
  4 killer bees (D:9)
  5 electric eels
  A crimson imp (Orc:1)
  8 howler monkeys
  A hound (D:6)
  An iron imp (Orc:1)
  9 jellies
  Crazy Yiuf (D:3)
  A bombardier beetle (D:6)
  3 gnoll boudas
  21 orc priests
  4 iguanas
  21 orc wizards
  Ijyb (D:3)
  Terence (D:2)
  A boggart zombie (D:15)
  Natasha (twice) (D:2)
  7 hell rats (Lair:3)
  A boggart skeleton (D:15)
  Robin (D:4)
  5 adders
  19 gnolls
  4 shadow imps
  7 white imps
  7 ufetubi
  2 dart slugs
  3 ribbon worms
  58 orcs
  4 ball pythons
  11 endoplasms
  5 giant cockroaches
  7 hobgoblins
  19 kobolds
  5 quokkas
  12 bats
  2 frilled lizards
  15 goblins
  6 rats
  3 aspiring fleshes (Zot:4)
  A spectral weapon (Spider:3)
  A tentacle (Shoals:4)
1928 creatures vanquished.

Vanquished Creatures (collateral kills)
  A golden dragon (Depths:1)
  A doom hound (Depths:3)
  A bone dragon (Zot:4)
  Mlioglotl (Spider:3)
  Zenata (Vaults:4)
  2 tentacled monstrosities (Depths:1)
  A walking crystal tome (Depths:4)
  A quicksilver dragon (Depths:4)
  Grunn (Depths:3)
  A draconian knight (Zot:3)
  A draconian monk (Zot:3)
  An iron dragon (Depths:3)
  A ghost moth (Spider:1)
  A vault warden (Vaults:3)
  2 draconian annihilators
  A spriggan defender (Depths:4)
  A very ugly thing (Depths:4)
  A yellow draconian (Zot:4)
  A green draconian (Zot:4)
  3 dire elephants
  A red draconian (Zot:3)
  A spark wasp (Depths:1)
  2 white draconians
  A merfolk impaler (Shoals:4)
  An entropy weaver (Spider:1)
  A hydra (Lair:2)
  A boulder beetle (Spider:3)
  A death yak (Lair:3)
  A deep troll shaman (Depths:1)
  2 spriggan berserkers (Depths:4)
  2 pharaoh ants
  A flayed ghost (Depths:1)
  A steelbarb worm (Spider:1)
  An orc knight (Vaults:1)
  A moth of wrath (Zot:4)
  An orc sorcerer (Orc:2)
  2 wolf spiders
  3 yaktaurs (Vaults:3)
  A tengu conjurer (Depths:4)
  A tarantella (Spider:1)
  3 blink frogs (Lair:3)
  2 merfolk (Shoals:4)
  2 snapping turtles (Shoals:4)
  A jumping spider (Spider:2)
  2 yaks (Lair:2)
  A water elemental (Shoals:4)
  4 redbacks (Spider:1)
  A scorpion (Lair:3)
  A hell rat (Lair:3)
  4 orcs (Orc:1)
  A frilled lizard (D:2)
  A spectral weapon (Spider:2)
73 creatures vanquished.

Vanquished Creatures (others)
  An Orb Guardian (Zot:5)
  An ironbound preserver (Vaults:1)
  A sea snake (Shoals:4)
  An unseen horror (D:12)
  A boggart (Vaults:3)
  2 orcs (Orc:1)
  90 spectral weapons
  7 tentacles (Shoals:4)
104 creatures vanquished.

Grand Total: 2105 creatures vanquished

Notes
Turn   | Place    | Note
-------+----------+-------------------------------------------
     0 | D:1      | NoAnimeNoLife the Gargoyle Gladiator began the quest for
                  | the Orb.
     0 | D:1      | Reached XP level 1. HP: 12/12 MP: 1/1
   222 | D:1      | Reached XP level 2. HP: 18/18 MP: 2/2
   735 | D:1      | Reached XP level 3. HP: 23/23 MP: 3/3
   826 | D:2      | Noticed Sigmund
   919 | D:2      | Killed Sigmund
   920 | D:2      | Reached XP level 4. HP: 13/30 MP: 4/4
   920 | D:2      | Reached XP level 5. HP: 15/34 MP: 5/5
  1020 | D:2      | Found a sparkling altar of Nemelex Xobeh.
  1128 | D:2      | Noticed Natasha
  1369 | D:2      | Killed Natasha
  1370 | D:2      | Reached skill level 5 in Maces & Flails
  1370 | D:2      | Reached XP level 6. HP: 37/40 MP: 6/6
  1413 | D:2      | Noticed Terence
  1421 | D:2      | Killed Terence
  1422 | D:2      | Reached skill level 5 in Fighting
  1955 | D:2      | Noticed Natasha
  1964 | D:2      | Killed Natasha
  2209 | D:3      | Noticed Ijyb
  2334 | D:3      | Killed Ijyb
  2546 | D:3      | Reached XP level 7. HP: 23/45 MP: 7/7
  2850 | D:3      | Found a faded altar of an unknown god.
  2946 | D:3      | Found a runed translucent door.
  2947 | D:3      | Noticed Crazy Yiuf
  3079 | D:3      | Killed Crazy Yiuf
  3224 | D:4      | Found Labatywe's Weapon Shoppe.
  3253 | D:4      | Noticed Robin
  3284 | D:4      | Killed Robin
  3542 | D:4      | Reached XP level 8. HP: 19/53 MP: 8/8
  3745 | D:4      | You fall into a shaft and drop 3 floors!
  4218 | D:6      | Noticed Maggie
  4226 | D:6      | Killed Maggie
  4227 | D:6      | Reached XP level 9. HP: 60/60 MP: 9/9
  4273 | D:6      | Noticed Pikel
  4319 | D:6      | Killed Pikel
  4320 | D:6      | Reached skill level 2 in Armour
  4593 | D:5      | Entered Level 5 of the Dungeon
  4758 | D:4      | Found a staircase to the Ecumenical Temple.
  4779 | Temple   | Entered the Ecumenical Temple
  4809 | Temple   | Became a worshipper of Makhleb the Destroyer
  5003 | D:4      | Reached skill level 3 in Armour
  5501 | D:5      | Reached skill level 4 in Armour
  5981 | D:6      | Noticed Dowan
  5985 | D:6      | Noticed Duvessa
  5993 | D:6      | Killed Duvessa
  5994 | D:6      | Reached skill level 5 in Armour
  6002 | D:6      | Killed Dowan
  6032 | D:6      | Reached XP level 10. HP: 65/65 MP: 10/10
  6070 | D:6      | Reached skill level 10 in Maces & Flails
  6214 | D:6      | Reached * piety under Makhleb
  6994 | D:8      | Reached skill level 6 in Armour
  7617 | D:9      | Noticed an elephant
  7630 | D:9      | Killed an elephant
  7631 | D:9      | Reached skill level 7 in Armour
  7639 | D:9      | Found Ziokhekk's Book Boutique.
  7664 | D:9      | Found Meeliguss's Magic Scroll Emporium.
  7685 | D:9      | Bought a scroll of teleportation for 36 gold pieces
  7685 | D:9      | Bought a scroll of fear for 48 gold pieces
  7685 | D:9      | Bought a scroll of identify for 24 gold pieces
  7685 | D:9      | Bought a scroll of enchant weapon for 90 gold pieces
  7685 | D:9      | Bought a scroll of enchant weapon for 90 gold pieces
  7685 | D:9      | Bought a scroll of poison for 48 gold pieces
  7725 | D:9      | Found a staircase to the Lair.
  7725 | D:9      | Noticed an elephant
  7810 | D:9      | Killed an elephant
  7848 | D:9      | Reached skill level 8 in Armour
  7853 | D:9      | Reached ** piety under Makhleb
  7984 | D:9      | Found a staircase to the Orcish Mines.
  8098 | D:9      | Reached XP level 11. HP: 69/69 MP: 11/11
  8206 | D:9      | Reached skill level 9 in Armour
  8325 | D:9      | Found a blossoming altar of Fedhas.
  8325 | D:9      | Found a sacrificial altar of Ru.
  8325 | D:9      | Found a broken altar of Ashenzari.
  8325 | D:9      | Found a glowing silver altar of Zin.
  8326 | D:9      | Found an ancient bone altar of Kikubaaqudgha.
  8326 | D:9      | Found a stormy altar of Qazlal.
  8328 | D:9      | Found a hide-covered altar of Uskayaw.
  8328 | D:9      | Found a shimmering altar of Xom.
  8328 | D:9      | Found an iron altar of Okawaru.
  8483 | D:10     | Entered Level 10 of the Dungeon
  8697 | D:10     | Noticed a two-headed ogre
  8707 | D:10     | Killed a two-headed ogre
  9157 | D:10     | Reached skill level 10 in Armour
  9253 | D:11     | Reached skill level 1 in Invocations
  9277 | D:11     | Reached *** piety under Makhleb
  9533 | D:11     | Noticed a two-headed ogre
  9540 | D:11     | Killed a two-headed ogre
  9795 | D:11     | Noticed a cyclops
  9798 | D:11     | Killed a cyclops
  9820 | D:11     | Noticed a manticore
  9827 | D:11     | Killed a manticore
 10007 | D:11     | Reached XP level 12. HP: 75/75 MP: 15/15
 10148 | D:12     | Reached skill level 5 in Evocations
 10168 | D:12     | Reached skill level 5 in Invocations
 10256 | D:12     | Reached **** piety under Makhleb
 10399 | D:12     | Found Kiuv's Jewellery Boutique.
 10535 | D:12     | Identified the ring "Zoczig" {rF+ rN+ Dex+6}
 10572 | D:12     | Noticed a two-headed ogre
 10581 | D:12     | Killed a two-headed ogre
 11037 | Lair:1   | Entered Level 1 of the Lair of Beasts
 11916 | Lair:2   | Reached XP level 13. HP: 70/80 MP: 18/18
 12063 | Lair:2   | Reached ***** piety under Makhleb
 12555 | Lair:3   | Found a staircase to the Shoals.
 12871 | Lair:3   | Found a runed translucent door.
 12871 | Lair:3   | Noticed Ycul's ghost (journeyman HOFi)
 12993 | Lair:3   | Reached skill level 15 in Maces & Flails
 13266 | Lair:3   | Found a hole to the Spider Nest.
 13571 | Lair:3   | Noticed a dire elephant
 13621 | Lair:3   | Killed a dire elephant
 13758 | Lair:3   | Noticed a dire elephant
 13770 | Lair:3   | Killed a dire elephant
 13995 | Lair:4   | Reached skill level 10 in Fighting
 14228 | Lair:4   | Gained mutation: Your large and strong wings let you fly.
                  | [Gargoyle growth]
 14228 | Lair:4   | Reached XP level 14. HP: 88/88 MP: 21/21
 15296 | Lair:5   | Entered Level 5 of the Lair of Beasts
 15385 | Lair:5   | Found a staircase to the Slime Pits.
 15386 | Lair:5   | Found a viscous altar of Jiyva.
 15414 | Lair:5   | Found a runed translucent gate.
 15414 | Lair:5   | Found a runed translucent gate.
 15414 | Lair:5   | Found a runed translucent gate.
 15459 | Lair:5   | Noticed Turbonekonecno's ghost (journeyman SpEn)
 15459 | Lair:5   | Noticed Nalenak's ghost (journeyman DsMo)
 16427 | Lair:5   | Reached ****** piety under Makhleb
 17264 | Orc:1    | Entered Level 1 of the Orcish Mines
 17292 | D:9      | Reached skill level 15 in Fighting
 17510 | Orc:2    | Entered Level 2 of the Orcish Mines
 17926 | Orc:1    | Reached XP level 15. HP: 57/103 MP: 22/22
 19144 | Orc:2    | Found a staircase to the Elven Halls.
 19278 | Orc:2    | Found Cer Faung's General Store.
 19286 | Orc:2    | HP: 2/104 [orc high priest/divine providence (14)]
 19812 | Orc:2    | Reached skill level 10 in Invocations
 19847 | Orc:2    | Found Camyur's Distillery.
 19852 | Orc:2    | Found Kubre's Magic Scroll Shoppe.
 19859 | Orc:2    | Found Ucriun's Jewellery Shoppe.
 19869 | Orc:2    | Bought a phial of floods for 520 gold pieces
 19880 | Orc:2    | Bought a scroll of fog for 56 gold pieces
 19880 | Orc:2    | Bought a scroll of fog for 56 gold pieces
 19880 | Orc:2    | Bought a scroll of enchant armour for 105 gold pieces
 19880 | Orc:2    | Bought a scroll of teleportation for 42 gold pieces
 19880 | Orc:2    | Bought a scroll of poison for 56 gold pieces
 19880 | Orc:2    | Bought a scroll of fear for 56 gold pieces
 19880 | Orc:2    | Bought a scroll of teleportation for 42 gold pieces
 19883 | Orc:2    | Bought a potion of might for 60 gold pieces
 19883 | Orc:2    | Bought a potion of heal wounds for 75 gold pieces
 19883 | Orc:2    | Bought a potion of magic for 120 gold pieces
 19883 | Orc:2    | Bought a potion of heal wounds for 75 gold pieces
 20047 | Spider:1 | Entered Level 1 of the Spider Nest
 20551 | Spider:1 | Killed a ghost moth
 21267 | Spider:1 | Killed a ghost moth
 21460 | Spider:1 | Noticed an Executioner
 22047 | Spider:1 | Reached XP level 16. HP: 111/111 MP: 26/26
 22234 | Spider:2 | Noticed Kirke
 22351 | Spider:2 | Killed Kirke
 22652 | Spider:2 | Reached skill level 15 in Invocations
 23159 | Spider:2 | Noticed Asterion
 23164 | Spider:2 | Noticed an Executioner
 23177 | Spider:2 | Killed Asterion
 23439 | Spider:2 | Reached skill level 1 in Shields
 23717 | Spider:3 | Reached skill level 5 in Shields
 24264 | Spider:4 | Entered Level 4 of the Spider Nest
 24338 | Spider:4 | Noticed Mlioglotl
 24380 | Spider:3 | Killed Mlioglotl
 24870 | Spider:4 | Reached XP level 17. HP: 116/116 MP: 28/28
 25028 | Spider:4 | Reached skill level 10 in Shields
 25198 | Spider:4 | Identified the serpent talisman "Exutwigio" {rCorr}
 25198 | Spider:4 | Noticed Aizul
 25208 | Spider:4 | Killed Aizul
 26227 | Spider:4 | Got a gossamer rune of Zot
 26615 | Shoals:1 | Entered Level 1 of the Shoals
 26835 | Shoals:1 | Identified the ring "Obruc" {rElec Int+6 SInv Stlth-}
 28489 | Shoals:3 | Reached skill level 11 in Armour
 28579 | Shoals:3 | Found Retueful's Jewellery Shop.
 28983 | Shoals:4 | Entered Level 4 of the Shoals
 29040 | Shoals:4 | Reached skill level 15 in Shields
 29048 | Shoals:4 | Reached XP level 18. HP: 114/122 MP: 29/29
 29119 | Shoals:4 | Identified the ring of Surprise {rF- rC+ Int+6 Dex+4}
 29247 | Shoals:4 | Identified the +0 helmet "Maudaep" {Will+ Str+7}
 29268 | Shoals:4 | Reached skill level 12 in Armour
 29538 | Shoals:4 | Found Wisyoh's Antique Armour Boutique.
 29544 | Shoals:4 | Bought a glowing helmet for 217 gold pieces
 29941 | Shoals:4 | Reached skill level 13 in Armour
 30113 | Shoals:4 | Identified the +4 trident of the Immovable Souls {flame,
                  | rElec Int+3}
 30452 | Shoals:4 | Got a barnacled rune of Zot
 30660 | Shoals:4 | Reached skill level 14 in Armour
 31231 | D:13     | Found a gate leading to a gauntlet.
 31240 | Gauntlet | Entered a Gauntlet
 31240 | Gauntlet | Found a transporter.
 31240 | Gauntlet | Found a runed translucent door.
 31241 | Gauntlet | Found a runed translucent door.
 31251 | Gauntlet | Found a transporter.
 31254 | Gauntlet | Found a transporter.
 31255 | Gauntlet | Found a transporter.
 31263 | Gauntlet | Found a transporter.
 31266 | Gauntlet | Found a transporter.
 31267 | Gauntlet | Found a transporter.
 31274 | Gauntlet | Found a runed translucent door.
 31278 | Gauntlet | Found a transporter.
 31279 | Gauntlet | Found a transporter.
 31287 | Gauntlet | Found a transporter.
 31287 | Gauntlet | Found a transporter.
 31290 | Gauntlet | Found a transporter.
 31291 | Gauntlet | Found a transporter.
 31308 | Gauntlet | Found a transporter.
 31418 | Gauntlet | Identified the ring "Ariunof" {rC- rN+ Str+3 Int+4}
 31673 | D:13     | Found Boyfyt's Weapon Shop.
 31765 | D:13     | Noticed Sonja
 31774 | D:13     | Killed Sonja
 32530 | D:14     | Found a glowing golden altar of the Shining One.
 32562 | D:14     | Found a gate to the Vaults.
 33223 | D:15     | Entered Level 15 of the Dungeon
 33223 | D:15     | Found Giguth's Distillery.
 33227 | D:15     | Bought a potion of invisibility for 152 gold pieces
 33227 | D:15     | Bought a potion of curing for 57 gold pieces
 33227 | D:15     | Bought a potion of berserk rage for 95 gold pieces
 33227 | D:15     | Bought a potion of curing for 57 gold pieces
 33361 | D:15     | Found Cheibriados's Comfort Zone.
 33362 | D:15     | Found a snail-covered altar of Cheibriados.
 33369 | D:15     | Reached skill level 15 in Armour
 33858 | D:15     | Found a staircase to the Depths.
 34025 | Vaults:1 | Entered Level 1 of the Vaults
 34273 | Vaults:1 | Reached XP level 19. HP: 77/127 MP: 31/31
 34872 | Vaults:1 | Reached skill level 16 in Armour
 35720 | Vaults:1 | Found Monwoyt's Weapon Boutique.
 35944 | Vaults:1 | Found Vehosya's General Store.
 36510 | Vaults:2 | Identified the +4 scale mail of Vus Bott {rN+ Slay+3}
 37114 | Vaults:2 | Found Jorerr's Magic Scroll Emporium.
 37119 | Vaults:2 | Bought a scroll of acquirement for 832 gold pieces
 37119 | Vaults:2 | Acquired the ring of the Bouncing Friends {Wiz Will++}
 37736 | Vaults:3 | Reached XP level 20. HP: 139/139 MP: 32/32
 39145 | Vaults:3 | Acquired a manual of Armour
 39488 | Vaults:3 | Found a staircase to the Crypt.
 39755 | Vaults:4 | Reached skill level 17 in Armour
 40009 | Vaults:4 | Found a portal to a secret trove of treasure.
 40121 | Vaults:4 | Reached skill level 18 in Armour
 40357 | Vaults:4 | Noticed Zenata
 40591 | Vaults:4 | Found Agudgh's Distillery.
 40599 | Vaults:4 | Bought a potion of curing for 57 gold pieces
 40599 | Vaults:4 | Bought a potion of invisibility for 152 gold pieces
 40599 | Vaults:4 | Bought a potion of curing for 57 gold pieces
 40599 | Vaults:4 | Bought a potion of curing for 57 gold pieces
 40599 | Vaults:4 | Bought a potion of heal wounds for 95 gold pieces
 40599 | Vaults:4 | Bought 2 potions of heal wounds for 190 gold pieces
 40599 | Vaults:4 | Bought a potion of curing for 57 gold pieces
 40599 | Vaults:4 | Bought a potion of resistance for 190 gold pieces
 40599 | Vaults:4 | Bought a potion of heal wounds for 95 gold pieces
 40621 | Vaults:4 | Killed Zenata
 41526 | Vaults:5 | Entered Level 5 of the Vaults
 41534 | Vaults:5 | Noticed a golden dragon
 41550 | Vaults:5 | Noticed an ancient lich
 41551 | Vaults:5 | Reached XP level 21. HP: 124/149 MP: 33/33
 41558 | Vaults:5 | Killed a golden dragon
 41561 | Vaults:5 | Reached skill level 19 in Armour
 41570 | Vaults:5 | Killed a ghostly golden dragon
 41573 | Vaults:5 | Killed an ancient lich
 41733 | Vaults:5 | Found Yturghusu's General Store.
 41757 | Vaults:5 | Reached skill level 20 in Armour
 41812 | Vaults:5 | Identified the staff of the Forest {+Blink rF+ rC+ Fire}
 41844 | Vaults:5 | Bought a scroll of fear for 60 gold pieces
 41862 | Vaults:5 | Noticed a dread lich
 41878 | Vaults:5 | Killed a dread lich
 41918 | Vaults:5 | Noticed a dread lich
 41925 | Vaults:5 | Killed a dread lich
 41931 | Vaults:5 | Reached skill level 21 in Armour
 42399 | Vaults:5 | Reached skill level 22 in Armour
 42685 | Vaults:5 | Identified the orb of Ceal {*Rage, Str+3}
 42685 | Vaults:5 | Identified the ring "Zamung" {rN++ Str-3 Int+6 Dex+4}
 42953 | Vaults:5 | Acquired 447 gold pieces
 42965 | Vaults:5 | Got a silver rune of Zot
 43116 | Vaults:5 | Reached skill level 23 in Armour
 43207 | Vaults:5 | Noticed a golden dragon
 43210 | Vaults:5 | Noticed Saint Roka
 43230 | Vaults:5 | Reached XP level 22. HP: 98/156 MP: 34/34
 43249 | Vaults:5 | Killed Saint Roka
 43253 | Vaults:5 | Killed a golden dragon
 43620 | Vaults:5 | Identified the ring of Makhleb's Outrage {rElec rPois
                  | rCorr}
 44483 | Orc:2    | Bought the ring of Jecvi Umo {*Corrode rF++ rC+ Str-4
                  | Int+6} for 802 gold pieces
 44742 | Depths:1 | Entered Level 1 of the Depths
 44787 | Depths:1 | Reached skill level 10 in Evocations
 44835 | Depths:1 | Noticed a golden dragon
 44865 | Depths:1 | Killed a golden dragon
 45659 | Depths:1 | Found a gateway to Hell.
 45742 | Depths:1 | Identified the +9 plate armour of Hack {rC+ Str+2}
 46220 | Depths:1 | Found a blossoming altar of Fedhas.
 46302 | Depths:1 | Found a one-way gate to the infinite horrors of the Abyss.
 46691 | Depths:2 | Reached XP level 23. HP: 162/162 MP: 35/35
 46818 | Depths:2 | Noticed a golden dragon
 46890 | Depths:2 | Found a transporter.
 46894 | Depths:2 | Identified the ring of the Modern Ziggurats {+Blink Str+6}
 46912 | Depths:2 | Found a transporter.
 46964 | Depths:2 | Noticed Mara
 46967 | Depths:2 | Noticed NoAnimeNoLife's illusion
 46971 | Depths:2 | Noticed NoAnimeNoLife's illusion
 47187 | Depths:2 | Noticed NoAnimeNoLife's illusion
 47222 | Depths:2 | Killed Mara
 47490 | Depths:2 | Found a one-way gate leading to the halls of Pandemonium.
 47661 | Depths:3 | Found a gateway to a bazaar.
 47666 | Depths:3 | Identified the +3 short sword "Vaoteuth" {antimagic, rPois
                  | rC+}
 47668 | Depths:3 | Identified the +5 hand axe of Exquisite Death {freeze, rC+
                  | MP-9 Str+2 Int+6}
 47704 | Bazaar   | Entered a bazaar
 47711 | Bazaar   | Found Keic's Distillery.
 47725 | Bazaar   | Found Coufasch's Assorted Antiques.
 47751 | Bazaar   | Found Tiohitaw's Armour Boutique.
 47779 | Bazaar   | Found Ratadoiv's Assorted Antiques.
 47788 | Bazaar   | Bought a scroll of teleportation for 60 gold pieces
 47794 | Bazaar   | Found Nyddot's Antique Armour Shop.
 47802 | Bazaar   | Bought a pair of warped boots for 123 gold pieces
 47802 | Bazaar   | Identified the +1 pair of boots "Naihot" {Fly Regen+ Str+3}
                  | (You bought it in a shop in a bazaar)
 47917 | Bazaar   | Bought a potion of curing for 27 gold pieces
 47917 | Bazaar   | Bought a potion of curing for 27 gold pieces
 47917 | Bazaar   | Bought a potion of cancellation for 72 gold pieces
 48127 | Depths:3 | Noticed Grunn
 48134 | Depths:3 | Reached skill level 15 in Evocations
 48152 | Depths:3 | Killed Grunn
 48677 | Depths:3 | Reached skill level 5 in Dodging
 48802 | Depths:3 | Found a transporter.
 48806 | Depths:3 | Found a transporter.
 48806 | Depths:3 | Noticed Causaover's ghost (veteran TeGl)
 48806 | Depths:3 | Noticed a juggernaut
 48867 | Depths:3 | You are sucked into a shaft and drop 1 floor!
 48867 | Depths:4 | Entered Level 4 of the Depths
 49167 | Depths:4 | Reached XP level 24. HP: 164/168 MP: 35/35
 49241 | Depths:4 | Found a gate to the Realm of Zot.
 49263 | Depths:4 | Identified the ring of Ulyeleb {Str+4 Int+4 Slay+4}
 49431 | Depths:3 | Found a one-way gateway to a ziggurat.
 49469 | Depths:3 | Noticed Jory
 49476 | Depths:3 | Killed Jory
 49529 | Depths:3 | Found a hide-covered altar of Uskayaw.
 49992 | Depths:4 | Reached skill level 10 in Dodging
 50700 | Zot:1    | Entered Level 1 of the Realm of Zot
 52353 | Zot:3    | Reached XP level 25. HP: 173/173 MP: 35/35
 52655 | Zot:3    | Identified the +3 great sword "Killer Klown's Regret"
                  | {flame, rC- rN+ rCorr Dex+7}
 53631 | Zot:4    | Reached skill level 15 in Dodging
 54055 | Zot:4    | Noticed a Killer Klown
 54070 | Zot:4    | Killed a Killer Klown
 54349 | Zot:4    | Noticed a Killer Klown
 54362 | Zot:4    | Killed a Killer Klown
 54652 | Zot:4    | Noticed an orb of fire
 54668 | Zot:4    | Killed an orb of fire
 54932 | Zot:5    | Entered Level 5 of the Realm of Zot
 55263 | Zot:5    | Found a huge runed gate.
 55263 | Zot:5    | Found a huge runed gate.
 55263 | Zot:5    | Found a huge runed gate.
 55263 | Zot:5    | Found a huge runed gate.
 55265 | Zot:5    | Found a huge runed gate.
 55265 | Zot:5    | Found a huge runed gate.
 55266 | Zot:5    | Found a huge runed gate.
 55266 | Zot:5    | Found a huge runed gate.
 55267 | Zot:5    | Found a huge runed gate.
 55268 | Zot:5    | Found a huge runed gate.
 55273 | Zot:5    | Found a huge runed gate.
 55273 | Zot:5    | Found a huge runed gate.
 55273 | Zot:5    | Found a huge runed gate.
 55273 | Zot:5    | Found a huge runed gate.
 55273 | Zot:5    | Found a huge runed gate.
 55273 | Zot:5    | Found a huge runed gate.
 55274 | Zot:5    | Found a huge runed gate.
 55388 | Zot:5    | Found a huge runed gate.
 55388 | Zot:5    | Found a huge runed gate.
 55388 | Zot:5    | Found a huge runed gate.
 55388 | Zot:5    | Found a huge runed gate.
 55390 | Zot:5    | Found a huge runed gate.
 55391 | Zot:5    | Found a huge runed gate.
 55391 | Zot:5    | Found a huge runed gate.
 55391 | Zot:5    | Found a huge runed gate.
 55395 | Zot:5    | Found a huge runed gate.
 55396 | Zot:5    | Found a huge runed gate.
 55397 | Zot:5    | Found a huge runed gate.
 55405 | Zot:5    | Found a huge runed gate.
 55405 | Zot:5    | Found a huge runed gate.
 55405 | Zot:5    | Found a huge runed gate.
 55405 | Zot:5    | Found a huge runed gate.
 55405 | Zot:5    | Found a huge runed gate.
 55405 | Zot:5    | Found a huge runed gate.
 55406 | Zot:5    | Found a huge runed gate.
 55407 | Zot:5    | Found a huge runed gate.
 55495 | Zot:5    | Noticed an orb of fire
 55495 | Zot:5    | Noticed an orb of fire
 55495 | Zot:5    | Noticed a Killer Klown
 55495 | Zot:5    | Noticed a dread lich
 55495 | Zot:5    | Noticed an orb of fire
 55727 | Zot:5    | Noticed an orb of fire
 55734 | Zot:5    | Gained mutation: Your spells are a little easier to cast,
                  | but a little less powerful. [mutagenic glow]
 55735 | Zot:5    | Noticed a dread lich
 55738 | Zot:5    | Noticed a Killer Klown
 55738 | Zot:5    | Gained mutation: You expend magic power (3 MP) to
                  | strengthen your wands. [an orb of fire]
 55741 | Zot:5    | Noticed a Killer Klown
 55746 | Zot:5    | Noticed a Killer Klown
 55754 | Zot:5    | Noticed a Killer Klown
 55755 | Zot:5    | Killed an orb of fire
 55760 | Zot:5    | Killed a Killer Klown
 55762 | Zot:5    | Paralysed by a Zot trap for 5 turns
 55764 | Zot:5    | Gained mutation: You occasionally lose the ability to read
                  | scrolls when taking damage. [mutagenic glow]
 55774 | Zot:5    | Noticed an ancient lich
 55781 | Zot:5    | Killed a dread lich
 55784 | Zot:5    | Killed a Killer Klown
 55787 | Zot:5    | Killed an ancient lich
 55788 | Zot:5    | Reached XP level 26. HP: 163/179 MP: 26/35
 55801 | Zot:5    | Killed a Killer Klown
 55802 | Zot:5    | Lost mutation: You occasionally lose the ability to read
                  | scrolls when taking damage. [potion of mutation]
 55802 | Zot:5    | Lost mutation: Your spells are a little easier to cast, but
                  | a little less powerful. [potion of mutation]
 55802 | Zot:5    | Lost mutation: You expend magic power (3 MP) to strengthen
                  | your wands. [potion of mutation]
 55802 | Zot:5    | Gained mutation: You sometimes lose your temper in combat.
                  | [potion of mutation]
 55802 | Zot:5    | Gained mutation: Your skin changes colour to match your
                  | surroundings (Stealth+). [potion of mutation]
 55802 | Zot:5    | Gained mutation: You are partially covered in large bone
                  | plates. (SH +4) [potion of mutation]
 55803 | Zot:5    | Lost mutation: You sometimes lose your temper in combat.
                  | [potion of mutation]
 55803 | Zot:5    | Lost mutation: You are partially covered in large bone
                  | plates. (SH +4) [potion of mutation]
 55803 | Zot:5    | Lost mutation: Your skin changes colour to match your
                  | surroundings (Stealth+). [potion of mutation]
 55803 | Zot:5    | Gained mutation: You are partially covered in iridescent
                  | scales. (AC +2) [potion of mutation]
 55803 | Zot:5    | Gained mutation: You expend magic power (3 MP) to
                  | strengthen your wands. [potion of mutation]
 55923 | Zot:5    | Noticed a Killer Klown
 55927 | Zot:5    | Killed a Killer Klown
 55940 | Zot:5    | Killed a Killer Klown
 55961 | Zot:5    | Noticed a Killer Klown
 55997 | Zot:5    | Paralysed by a Zot trap for 2 turns
 56088 | Zot:5    | Got the Orb of Zot
 56187 | Zot:4    | Noticed Econweaj the pandemonium lord
 56433 | D:15     | Noticed Muthreoppu the pandemonium lord
 56606 | D:11     | Noticed Ixuwu the pandemonium lord
 56786 | D:2      | Noticed a seraph
 56955 | D:$      | Escaped with the Orb!

Illustrated notes

Levels and vault maps discovered:
D:1:      minmay_arrival_widening_spiral_wide, layout_loops_ring
D:2:      layout_basic, basic_altar, nicolae_figureground_sparkle, uniq_natasha,
          uniq_sigmund, uniq_terence
D:3:      layout_rooms, dreamdust_ecumenical_altar_angels_and_demons, uniq_ijyb,
          uniq_crazy_yiuf_cottage
D:4:      layout_loops_ring, minmay_temple_entry_gardened_gates, serial_shops,
          nicolae_shop_waterfront, minivault_5, uniq_robin
D:5:      layout_loops_ring
D:6:      layout_layer_cave, item_on_display_a, uniq_maggie, uniq_pikel,
          uniq_duvessa
D:7:      layout_basic
D:8:      layout_basic, serial_rivers, chequers_serial_rivers_marsh,
          chequers_serial_rivers_small_a, chequers_serial_rivers_room_b,
          chequers_serial_rivers_micro_a
D:9:      layout_loops_cross, nicolae_overflows_in_rows,
          grunt_lair_entry_orc_guard_hut, minmay_orc_entry_temple_small,
          serial_shops, shop, shop, dk_vineyard_3, grunt_livestock
D:10:     layout_cave_pools
D:11:     layout_roguey, serial_ice, serial_ice_m, serial_ice_o, serial_ice_h,
          serial_ice_b, serial_ice_f, serial_ice_i, serial_ice_c, serial_ice_n,
          portal_ice_cave_demonic_guard
D:12:     layout_roguey, serial_shops, nicolae_shop_stone
D:13:     layout_loops_cross, gauntlet_entry_generic, serial_shops, shop, pond,
          uniq_sonja
D:14:     layout_stronghold, david_vaults_2, nicolae_tso_swordbearing_angel,
          hangedman_batty
D:15:     grunt_enter_depths_magical_seal, layout_loops_ring,
          minmay_misc_feat_doors, serial_shops, nicolae_shop_hallway_stairs,
          minmay_shop_chei
Temple:   cyrus_circular_temple
Lair:1:   layout_cave_pods, dpeg_stationary_puzzle
Lair:2:   layout_gridlike, chequers_serial_rivers_small_b, serial_bayou_pond_a,
          grunt_megastairs_4
Lair:3:   layout_regular_city, elwin_shoals_entry_stream,
          spider_nest_entry_funnel_web, ebering_ghost_inner_flame,
          minmay_stone_trees_small, nicolae_lair_lakeside_cave
Lair:4:   layout_layer_cave
Lair:5:   hangedman_lair_caniforms_friends, layout_cave_shapes, wormcave,
          nicolae_slime_entry_slimehenge, gammafunk_ghost_cemetery,
          chequers_serial_rivers_small_3, hangedman_lair_generics_rect
Shoals:1: layout_shoals
Shoals:2: layout_shoals, nicolae_shoals_water_elemental_grotto
Shoals:3: layout_shoals, nicolae_shoals_c_island
Shoals:4: shoals_end_hangedman, layout_shoals, serial_shops,
          nicolae_shop_rolling_square
Spider:1: nicolae_spider_hilbert_zone_4 [nicolae_spider_hilbert_4_sides_2_open,
          nicolae_spider_hilbert_4_sides_1_open,
          nicolae_spider_hilbert_4_sides_1_open,
          nicolae_spider_hilbert_4_sides_1_open,
          nicolae_spider_hilbert_4_sides_1_open,
          nicolae_spider_hilbert_2_sides_1_open,
          nicolae_spider_hilbert_2_sides_1_open,
          nicolae_spider_hilbert_2_sides_1_open,
          nicolae_spider_hilbert_2_sides_1_open,
          nicolae_spider_hilbert_6_sides_1_open,
          nicolae_spider_hilbert_6_sides_1_open,
          nicolae_spider_hilbert_3_sides_1_open,
          nicolae_spider_hilbert_3_sides_1_open]
Spider:2: layout_spider_delve, uniq_kirke, uniq_asterion
Spider:3: layout_spider_delve, hangedman_spider_mandibles
Spider:4: grunt_spider_rune_parallel, drop_trap, nicolae_spider_moth_buddies,
          uniq_mlioglotl, uniq_aizul
Orc:1:    nicolae_orc_accident_2, layout_caves, hangedman_minor_magic
Orc:2:    st_orc_elflike, layout_caves
Vaults:1: nicolae_vaults_taking_the_gang_shopping,
          vaults_mumra_minichess_inversion, v_misc_28, vaults_room_pools,
          st_star, v_alt_pattern_1, dpeg_vaults_monster_box, v_alt_pattern_5,
          v_misc_9, vaults_room_door_ring, ontoclasm_vaults_ring_small,
          nicolae_vaults_little_squares_5, nicolae_vaults_diamond_1,
          layout_vaults_big_room, serial_shops,
          nicolae_shop_temple_entry_statues_fountains
Vaults:2: hangedman_vaults_stream, v_misc_13, ontoclasm_vaults_idyll,
          nicolae_vaults_closet_pinwheel_5, nicolae_vaults_little_ls,
          nicolae_vaults_tetromino_L_2, nicolae_vaults_asterisk,
          vaults_dpeg_ring, layout_vaults_omnigrid, serial_shops, shop
Vaults:3: minmay_crypt_entry_simple_box, grunt_vaults_hallway_long,
          vaults_room_pools, hangedman_vaults_slice,
          nicolae_vaults_trapezoid_lopsided_2, hangedman_vaults_stagger,
          serial_ice_g, ontoclasm_vaults_bender, v_misc_15,
          nicolae_vaults_storage_room_doors, nicolae_vaults_apartment_2,
          nicolae_vaults_border_crossing, layout_vaults_ring
Vaults:4: v_misc_27, nicolae_vaults_mitosis, nicolae_vaults_network_star,
          v_misc_2, vaults_room_ringed_pool, hangedman_vaults_restitches,
          nicolae_vaults_tetromino_Z_1, nicolae_vaults_diamond_1, v_misc_13,
          v_misc_23, nicolae_vaults_variable_pillar_hall,
          nicolae_vaults_tetromino_T_2, nicolae_vaults_ellipses_ellipsis,
          hangedman_vaults_corner_blocks, nicolae_vaults_security_offices_4,
          layout_vaults_omnibox, enter_trove_2, serial_shops, shop, uniq_zenata
Vaults:5: uniq_saint_roka
Depths:1: minmay_the_grid_square_5x5_5x5 [minmay_the_grid_square_5x5_spiral,
          minmay_the_grid_square_5x5_broken_cross, minmay_the_grid_square_5x5_z,
          minmay_the_grid_square_5x5_moneybag,
          minmay_the_grid_square_5x5_n_small,
          minmay_the_grid_square_5x5_tetrominoes,
          minmay_the_grid_square_5x5_prize_deathbox,
          minmay_the_grid_square_5x5_fancy_junction,
          minmay_the_grid_square_5x5_prize_waves,
          minmay_the_grid_square_5x5_comb, minmay_the_grid_square_5x5_inner_i,
          minmay_the_grid_square_5x5_spiral_small,
          minmay_the_grid_square_5x5_prize_open,
          minmay_the_grid_square_5x5_minibox, minmay_the_grid_square_5x5_seven,
          minmay_the_grid_square_5x5_tie, minmay_the_grid_square_5x5_prize_gold,
          minmay_the_grid_square_5x5_c,
          minmay_the_grid_square_5x5_prize_pseudospiral,
          minmay_the_grid_square_5x5_six_small,
          minmay_the_grid_square_5x5_shrine1, minmay_the_grid_square_5x5_eight,
          minmay_the_grid_square_5x5_trominoes,
          minmay_the_grid_square_5x5_doubleslash,
          minmay_the_grid_square_5x5_inner_z], layout_gridville,
          minmay_misc_feat_rows, hell_entry, minmay_room_of_horrors,
          fedhas_altar_3
Depths:2: gammafunk_the_bubble [the_bubble_gammafunk_grid], layout_gridlike,
          minmay_misc_feat_iff, grunt_pan_entry_zigzag,
          hangedman_abyss_entry_splay, hell_entry, uniq_mara
Depths:3: minmay_skeleton_keep, layout_gridville, enter_ziggurat_b, hell_entry,
          serial_shops, statue_bzr, gammafunk_ghost_arena,
          nicolae_uskayaw_suspiria, abyss_entry, ice2_lemuel, uniq_jory,
          uniq_grunn
Depths:4: hangedman_pleasuredromes, abyss_entry, hell_entry
Zot:1:    layout_gridville, regret_index_zotdec_fiery_em
Zot:2:    layout_misc_corridors, hangedman_zot_decor_unnerving_road
Zot:3:    layout_gridville, grunt_ministairs_4
Zot:4:    grunt_zot_stairs_mandelzot, layout_basic
Zot:5:    layout_onion, door_vault

Skill      XL: |  1  2  3  4  5  6  7  8  9 10 11 12 13 14 15 16 17 18 19 20 21 22 23 24 25 26 |
---------------+-------------------------------------------------------------------------------+-----
Fighting       | 3 4 5 7 8 10 15 16 19 21 22 | 22.1
Maces & Flails | 4 5 6 8 9 11 13 14 15 16 | 16.0
Armour         | 5 8 10 11 15 16 18 23 | 23.7
Evocations     | 3 4 7 8 13 15 | 15.7
Invocations    | 4 7 9 13 15 16 17 | 17.8
Shields        | 9 15 | 15.0
Dodging        | 8 13 17 19 | 19.1
Throwing       | |  1.7

Action                     |  1- 3 |  4- 6 |  7- 9 | 10-12 | 13-15 | 16-18 | 19-21 | 22-24 | 25-27 || total
---------------------------+-------+-------+-------+-------+-------+-------+-------+-------+-------++-------
  Melee: Flail             |   109 |    73 |   186 |       |       |       |       |       |       ||   368
         Punch             |     1 |     1 |     4 |     7 |    13 |     4 |       |       |       ||    30
         Morningstar       |       |       |   167 |   740 |  1284 |  1220 |  1010 |  1385 |   687 ||  6493
         Unarmed           |       |       |       |       |       |     9 |       |       |       ||     9
  Throw: Throwing net      |     2 |     1 |     3 |     1 |     1 |       |       |       |       ||     8
         Dart              |       |       |       |       |       |     1 |       |       |       ||     1
 Invoke: Major Destruction |       |       |       |       |    31 |     6 |    27 |     2 |    11 ||    77
         Lesser Servant of |       |       |       |       |    10 |     2 |       |       |       ||    12
         Greater Servant o |       |       |       |       |     3 |     7 |     9 |    13 |     8 ||    40
  Evoke: Wand              |       |       |     7 |    10 |    14 |     6 |    17 |    18 |     4 ||    76
         Phial of floods   |       |       |       |       |     1 |       |     1 |     2 |     1 ||     5
         Lightning rod     |       |       |       |       |       |       |     8 |    11 |     4 ||    23
         Condenser vane    |       |       |       |       |       |       |     2 |     4 |     2 ||     8
         Sack of spiders   |       |       |       |       |       |       |     2 |     3 |     1 ||     6
         Phantom mirror    |       |       |       |       |       |       |       |     2 |     1 ||     3
    Use: Scroll            |     3 |     1 |     7 |    13 |    18 |    21 |    15 |    17 |     6 ||   101
         Potion            |     2 |       |     1 |     2 |    10 |     6 |    12 |     6 |    18 ||    57
   Stab: Sleeping          |     1 |       |       |       |       |       |       |       |       ||     1
         Paralysed         |       |       |    13 |     4 |     1 |       |       |     6 |       ||    24
         Held in net/web   |       |       |       |     2 |       |       |       |       |       ||     2
         Distracted        |       |       |       |       |       |    11 |    17 |    17 |    14 ||    59
 Armour: Leather armour    |    76 |    72 |       |       |       |       |       |       |       ||   148
         Ring mail         |       |    28 |   266 |   790 |  1573 |   970 |   286 |       |       ||  3913
         Skin              |       |       |       |       |       |    10 |       |       |       ||    10
         Scale mail        |       |       |       |       |       |       |   262 |  1020 |   443 ||  1725
  Dodge: Dodged            |    84 |    82 |   199 |   521 |   873 |   353 |   180 |   375 |   210 ||  2877
  Block: Kite shield       |       |       |       |       |       |   841 |   820 |  1293 |   558 ||  3512
         Reflection        |       |       |       |       |       |    64 |    66 |    26 |    15 ||   171

Table legend: (Time is in decaauts)
 A = Elapsed time spent in this place.
 B = Non-inter-level travel time spent in this place.
 C = Inter-level travel time spent in this place.
 D = Time resting spent in this place.
 E = Time spent auto-exploring this place.
 F = Levels seen in this place.
 G = Mean time per level.
                   A        B        C        D        E       F      G
               +--------+--------+--------+--------+--------+-----+--------+
         Total |  55444 |  50677 |   4767 |   7362 |  30627 |  47 | 1179.7 |
       Dungeon |  14694 |  12430 |   2264 |    770 |   8776 |  15 |  979.6 |
        Temple |     45 |     35 |     10 |      0 |     15 |   1 |   45.0 |
          Lair |   6567 |   5981 |    586 |    656 |   3929 |   5 | 1313.4 |
        Shoals |   4358 |   4138 |    220 |    686 |   2647 |   4 | 1089.5 |
   Spider Nest |   5830 |   5497 |    333 |   1292 |   2612 |   4 | 1457.5 |
  Orcish Mines |   2478 |   2280 |    198 |    903 |    759 |   2 | 1239.0 |
        Vaults |   9933 |   9406 |    527 |   1915 |   5421 |   5 | 1986.6 |
        Depths |   5463 |   5225 |    238 |    216 |   3487 |   4 | 1365.8 |
           Zot |   5374 |   4987 |    387 |    913 |   2706 |   5 | 1074.8 |
        Bazaar |    330 |    330 |      0 |      0 |    103 |   1 |  330.0 |
      Gauntlet |    367 |    367 |      0 |      8 |    170 |   1 |  367.0 |
               +--------+--------+--------+--------+--------+-----+--------+

Top non-repeatable levels by time:
Vaults:5: 2515 daAuts
Vaults:1: 2241 daAuts
Vaults:3: 2026 daAuts
Shoals:4: 2000 daAuts
  Lair:3: 1840 daAuts
  Lair:5: 1760 daAuts
Spider:4: 1692 daAuts
Vaults:4: 1671 daAuts
Spider:1: 1631 daAuts
Depths:1: 1605 daAuts
   Zot:4: 1517 daAuts
Vaults:2: 1479 daAuts
   Zot:3: 1383 daAuts
Spider:2: 1382 daAuts
     D:9: 1336 daAuts
